 Dungeon Crawl Stone Soup version 0.25-b1-46-gb8a1ec05df (webtiles) character file.

Game seed: 7569236849251774723

143855 Chiseanne the Nimble (level 16, -3/124 HPs)
             Began as a Demonspawn Wanderer on June 6, 2020.
             Was an Initiate of Gozag.
             Slain by a spriggan defender
             ... wielding a +2 lajatang of electrocution
              (8 damage)
             ... on level 1 of the Depths on June 9, 2020.
             The game lasted 01:30:50 (35742 turns).

Chiseanne the Nimble (Demonspawn Wanderer)         Turns: 35742, Time: 01:30:50

Health: -3/124     AC: 18    Str: 20    XL:     16   Next: 83%
Magic:  22/22      EV: 22    Int: 20    God:    Gozag
Gold:   267        SH: 20    Dex: 21    Spells: 19/23 levels left

rFire    + + .     SeeInvis +   a - +7 war axe of the Final Chapter {freeze, rF+}
rCold    + . .     Gourm    .   R - +1 buckler {AC+3}
rNeg     + . .     Faith    .   O - +1 ring mail "Paggado" {*Contam rCorr Dex+3}
rPois    +         Spirit   .   j - +2 hat {SInv}
rElec    +         Reflect  +   K - scarf {repulsion}
rCorr    +         Harm     .   l - +1 pair of gloves {Str+3}
MR       +....                  Q - +0 pair of boots {run}
Stlth    +.........             I - amulet of reflection
HPRegen  0.30/turn              u - ring "Vuis" {+Fly rPois Int+6}
MPRegen  0.18/turn              H - ring "Doywn" {rN+ Str+3}

@: mighty, resistant, gold aura, stab, hasted, repel missiles, very quick
A: horns 1, large bone plates 2, demonic guardian 2, foul stench 1, rot immunity
a: Potion Petition, Call Merchant, Bribe Branch, Renounce Religion, Evoke Flight


You were on level 1 of the Depths.
You worshipped Gozag.
Gozag was aware of your devotion.
You were full.

You visited 6 branches of the dungeon, and saw 26 of its levels.
You also visited: Sewer.

You collected 10426 gold pieces.
You spent 3831 gold pieces at shops.
You paid 6328 gold pieces to Gozag.

Inventory:

Hand Weapons
 a - the +7 war axe of the Final Chapter (weapon) {freeze, rF+}
   (You found it on level 4 of the Dungeon)

   It has been specially enchanted to freeze those struck by it, causing extra
   injury to most foes and up to half again as much damage against particularly
   susceptible opponents.
   It can also slow down cold-blooded creatures.
   It protects you from fire.
 s - a +3 war axe of flaming
Missiles
 m - 7 curare-tipped darts
 t - 3 throwing nets
 x - 30 boomerangs (quivered)
 y - 7 silver javelins
 D - 20 javelins
 P - 9 silver boomerangs
Armour
 j - a +2 hat of see invisible (worn)
 l - a +1 pair of gloves of strength (worn)
 K - a scarf of repulsion (worn)
 O - the +1 ring mail "Paggado" (worn) {*Contam rCorr Dex+3}
   (You bought it in a shop on level 10 of the Dungeon)

   It affects your dexterity (+3).
   It causes magical contamination when unequipped.
   It provides partial protection from all sources of acid and corrosion.
 Q - a +0 pair of boots of running (worn)
 R - a +1 buckler of protection (worn)
Jewellery
 k - an uncursed ring of protection from cold
 r - the ring "Osocoil" {+Fly rF+ rCorr Int+3}
   (You bought it in a shop on level 2 of the Orcish Mines)

   [ring of resist corrosion]

   It affects your intelligence (+3).
   It protects you from fire.
   It lets you fly.
   It provides partial protection from all sources of acid and corrosion.
 u - a ring "Vuis" (left hand) {+Fly rPois Int+6}
   (You bought it in a shop on level 15 of the Dungeon)

   [ring of flight]

   It affects your intelligence (+6).
   It protects you from poison.
   It lets you fly.
 H - the ring "Doywn" (right hand) {rN+ Str+3}
   (You found it on level 7 of the Dungeon)

   [ring of positive energy]

   It affects your strength (+3).
   It protects you from negative energy.
 I - an amulet of reflection (around neck)
Wands
 d - a wand of digging (1)
 i - a wand of iceblast (2)
 L - a wand of acid (8)
 T - a wand of paralysis (20)
 X - a wand of disintegration (26)
 Y - a wand of flame (40)
Scrolls
 b - 6 scrolls of teleportation
 o - a scroll of fear
 w - a scroll of fog
 B - 4 scrolls of magic mapping
 G - 6 scrolls of remove curse
 J - 7 scrolls of blinking
Potions
 c - 3 potions of degeneration {unknown}
 e - a potion of haste
 g - 2 potions of might
 h - 3 potions of stabbing
 n - a potion of resistance {unknown}
 q - 8 potions of curing
 v - 5 potions of flight
 M - 3 potions of cancellation
 S - a potion of berserk rage {unknown}
Miscellaneous
 C - a lightning rod (4/4)
 U - a tin of tremorstones (3/3)
Comestibles
 f - 35 rations


   Skills:
 - Level 10.7 Fighting
 * Level 13.2 Axes
 * Level 13.4 Armour
 * Level 13.6 Dodging
 - Level 1.0 Stealth
 * Level 12.4 Shields
 - Level 4.0 Spellcasting
   Level 1.0 Charms
 - Level 5.0 Evocations


You had 19 spell levels left.
You knew the following spells:

 Your Spells              Type           Power        Failure   Level  Hunger
a - Foxfire               Conj/Fire      #...         19%         1    None
b - Apportation           Tloc           #.....       19%         1    None
c - Blink                 Tloc           N/A          28%         2    #......

Your spell library contained the following spells:

 Spells                   Type           Power        Failure   Level  Hunger
 Corona                   Hex            #......      19%         1    None
 Magic Dart               Conj           #...         19%         1    None
 Shock                    Conj/Air       #...         19%         1    None
 Sting                    Tmut/Pois      #...         19%         1    None
 Summon Butterflies       Summ           #.......     19%         1    None
 Swiftness                Chrm/Air       #.......     22%         2    #......
 Call Imp                 Summ           #.......     28%         2    #......
 Poisonous Vapours        Pois/Air       #.....       28%         2    #......
 Slow                     Hex            #.......     28%         2    #......
 Sublimation of Blood     Necr           #.........   28%         2    #......
 Call Canine Familiar     Summ           #.......     50%         3    ###....
 Confusing Touch          Hex            #.......     50%         3    ###....
 Conjure Flame            Conj/Fire      #.......     50%         3    ###....
 Gell's Gravitas          Tloc           #.........   50%         3    ###....
 Ignite Poison            Fire/Tmut/Pois #.......     50%         3    ###....
 Inner Flame              Hex/Fire       #.......     50%         3    ###....
 Mephitic Cloud           Conj/Pois/Air  #.......     50%         3    ###....
 Portal Projectile        Hex/Tloc       #.....       50%         3    ###....
 Recall                   Summ/Tloc      N/A          50%         3    ###....
 Static Discharge         Conj/Air       #.......     50%         3    ###....
 Airstrike                Air            #.........   88%         4    ####...
 Cause Fear               Hex            #.........   88%         4    ####...
 Leda's Liquefaction      Hex/Erth       #.........   88%         4    ####...
 Petrify                  Tmut/Erth      #.......     88%         4    ####...
 Alistair's Intoxication  Tmut/Pois      #.......     99%         5    ######.
 Irradiate                Conj/Tmut      #.........   99%         5    ######.
 Lightning Bolt           Conj/Air       #.........   99%         5    ######.
 Metabolic Englaciation   Hex/Ice        #.........   99%         5    ######.
 Silence                  Hex/Air        #.........   99%         5    ######.
 Summon Demon             Summ           #.........   99%         5    ######.
 Yara's Violent Unravell  Hex/Tmut       #.........   99%         5    ######.
 Eringya's Noxious Bog    Tmut/Pois      #.........   100%        6    #######
 Freezing Cloud           Conj/Ice/Air   #.........   100%        6    #######
 Malign Gateway           Summ/Tloc      #.........   100%        7    #######
 Ring of Flames           Chrm/Fire      #.........   100%        7    #######
 Discord                  Hex            #.........   100%        8    #######


Dungeon Overview and Level Annotations

Branches:
Dungeon (15/15)            Temple (1/1) D:4            Lair (6/6) D:8
  Swamp (1/4) Lair:4        Snake (0/4) Lair:2        Slime (0/5) Lair:5
    Orc (2/2) D:10            Elf (0/3) Orc:2        Vaults (0/5) D:13
 Depths (1/5) D:15          Sewer (visited)

Altars:
Ashenzari
Cheibriados
Dithmenos
Elyvilon
Fedhas
Gozag
Hepliaklqana
Kikubaaqudgha
Makhleb
Nemelex Xobeh
Qazlal
Trog
Uskayaw
Vehumet
Wu Jian
Xom
Yredelemnul
Zin
Beogh
Jiyva

Shops:
D:5 [(   D:10 [   D:15 ([(=?   Orc:2 %([=   Depths:1 }

Portals:
Hell: Depths:1

Annotations:
D:7 exclusion: upstairs
Lair:6 2 transporters, ijan1's ghost, journeyman SpEn


Innate Abilities, Weirdness & Mutations

You have a pair of small horns on your head.
You are mostly covered in large bone plates. (SH +6)
A demonic guardian rushes to your aid.
You may emit foul miasma when damaged in melee.
You are immune to rotting.


Message History

The acid corrodes the frost giant!
The frost giant is moderately wounded.
The frost giant is no longer distracted by gold.
The spriggan defender hits you with a +2 lajatang of electrocution!
* * * LOW HITPOINT WARNING * * *
You are electrocuted!
* * * LOW HITPOINT WARNING * * *
Your soul eater closely misses the spriggan defender. [a] - 0 gold - might and brilliance [b] - 0 gold - resistance, might, stabbing and haste [c] - 0 gold - resistance, might and haste Purchase which effect?
You feel protected.
You feel very mighty all of a sudden.
You feel ready to backstab.
You feel yourself speed up.
You block the spriggan defender's attack.
Your soul eater completely misses the spriggan defender.
The spriggan defender hits you with a +2 lajatang of electrocution!
You die...
Your body crumbles into a pile of gold.

.....# ....... .##..#
..... ###.## .... .#...#
♣iC♣♣ .....#♣ ♣$4♣♣
......♣ ♣♣♣§§♣♣ ......♣
♣♣♣♣♣♣♣♣♣♣♣.§§°.♣
......♣♣♣♣.♣...♣3♣C♣.°°°♣♣
................@ie...°°♣
......♣♣.♣.♣♣♣...♣♣♣.♣.§♣
..≈...♣♣♣♣♣♣ ♣♣♣♣♣ ♣♣§§§♣
.≈≈...♣♣♣♣♣♣♣♣ ♣♣§♣
.≈......##...# ##
.≈..........##
............>#
.............#
...#####..#..#


You could see a deep elf blademaster (corroded), a frost giant (corroded), a
spriggan defender (sick) and a friendly soul eater (summoned).

Vanquished Creatures
  Rupert (D:12)
  Kirke (Lair:5)
  The ghost of Chiseanne the Fighter, a journeyman GnWn of Gozag (Orc:2)
  3 very ugly things (Depths:1)
  The ghost of oldnick the Grappler, a journeyman TrMo of the Shining One (Orc:2)
  A minotaur (Depths:1)
  A vampire knight (Depths:1)
  A stone giant (Depths:1)
  A fire dragon (Lair:6)
  An ettin (D:14)
  Snorg (Lair:5)
  2 great orbs of eyes
  5 hydras
  Erolcha (D:13)
  2 catoblepae
  Harold (D:7)
  A shambling mangrove (Swamp:1)
  Fannar (Lair:3)
  4 vault guards (D:13)
  6 centaur warriors
  26 two-headed ogres
  2 alligators (Swamp:1)
  A deep troll shaman (Depths:1)
  5 death yaks (Lair:2)
  3 ogre magi (D:15)
  A deep troll earth mage (Depths:1)
  A tengu warrior (D:14)
  A vampire mage (Depths:1)
  Nergalle (D:11)
  Urug (Orc:1)
  3 unseen horrors
  An unseen horror (shapeshifter) (Depths:1)
  A swamp dragon (Swamp:1)
  2 deep trolls (Depths:1)
  10 orc knights
  3 lindwurms (Lair:6)
  2 deep elf magi
  3 phantasmal warriors (Depths:1)
  5 oklob plants
  3 manticores
  An orc sorcerer (D:15)
  8 ugly things
  A moth of wrath (Lair:5)
  4 cyclopes
  14 elephants
  6 black mambas
  A gargoyle (D:11)
  6 torpor snails
  13 spiny frogs
  A yaktaur (D:15)
  5 rime drakes
  A freezing wraith (D:15)
  10 komodo dragons
  A tengu conjurer (D:14)
  14 trolls
  6 hornets (Lair:6)
  A polar bear (Lair:6)
  3 meliai (D:14)
  2 queen bees
  15 slime creatures
  4 tyrant leeches
  A bog body (Swamp:1)
  17 hippogriffs
  3 vampires
  3 shadows
  8 wyverns
  A human (D:10)
  2 wraiths (D:14)
  6 hogs
  Eustachio (D:5)
  4 fire bats (D:11)
  32 yaks
  2 hungry ghosts (D:10)
  2 steam dragons (Lair:2)
  3 vampire mosquitoes
  5 basilisks
  2 swamp worms (Lair:5)
  3 wargs
  A harpy simulacrum (D:15)
  A soldier ant (D:14)
  A two-headed ogre zombie (D:10)
  2 acid dragons
  A naga (Lair:2)
  15 water moccasins
  A hell hound (D:11)
  A meliai simulacrum (D:15)
  7 porcupines
  2 hornet zombies (D:11)
  A swamp drake (D:6)
  37 orc warriors
  5 ice beasts
  2 black bears
  9 sky beasts
  An eye of draining (D:11)
  3 phantoms
  2 boggarts (D:11)
  17 centaurs
  10 wolves
  12 ogres
  11 crocodiles
  4 big kobolds
  12 bullfrogs
  A wyvern skeleton (D:13)
  5 scorpions
  A troll zombie (D:10)
  14 wights
  48 killer bees
  3 howler monkeys
  3 electric eels
  11 crimson imps
  3 centaur zombies
  6 jellies
  2 lava snakes (D:11)
  3 quasits
  A centaur skeleton (D:4)
  7 hounds
  17 orc priests
  2 bullfrog skeletons
  A hell rat (Lair:2)
  7 iguanas
  14 orc wizards
  16 worker ants
  6 ogre zombies (D:10)
  2 hound skeletons
  3 worker ant zombies
  8 gnolls
  2 howler monkey skeletons
  15 adders
  3 river rats
  3 shadow imps
  A white imp (D:6)
  An ooze (D:5)
  An adder skeleton (D:5)
  3 worms
  3 dart slugs
  5 leopard geckos
  71 orcs
  7 giant cockroaches
  10 hobgoblins
  17 jackals
  23 kobolds
  7 quokkas
  2 ball pythons (D:3)
  8 bats
  5 frilled lizards
  9 goblins
  3 goblin skeletons (D:10)
  6 goblin zombies (D:10)
  A hobgoblin skeleton (D:10)
  A hobgoblin zombie (D:10)
  A jackal skeleton (D:7)
  A leopard gecko skeleton (D:7)
  4 orc skeletons (D:10)
  10 orc zombies (D:10)
  A quokka skeleton (D:3)
  10 rats
  8 fungi
  5 plants
912 creatures vanquished.

Vanquished Creatures (collateral kills)
  A fire giant (Depths:1)
  2 very ugly things (Depths:1)
  A vampire knight (Depths:1)
  A stone giant (Depths:1)
  A great orb of eyes (Depths:1)
  A hydra (Swamp:1)
  An alligator (Swamp:1)
  An ogre mage (D:15)
  A deep troll earth mage (Depths:1)
  A deep troll (Depths:1)
  A phantasmal warrior (Depths:1)
  An orb spider (shapeshifter) (D:15)
  An ugly thing (Swamp:1)
  An elephant (Lair:6)
  A cyclops (D:14)
  A manticore (D:13)
  A torpor snail (Lair:6)
  A centaur skeleton (D:12)
  A komodo dragon (D:11)
  A hornet (Lair:6)
  3 slime creatures (Depths:1)
  2 hippogriffs
  A yak (Lair:6)
  A basilisk (Lair:6)
  4 vampire mosquitoes
  An eye of draining (D:12)
  A wolf (Lair:1)
  A centaur (Orc:2)
  A crocodile (Lair:1)
  A bullfrog (D:12)
  An orc priest (D:11)
  An orc wizard (D:11)
  An orc (Orc:2)
  A quokka (D:12)
  A fungus (Lair:5)
42 creatures vanquished.

Vanquished Creatures (others)
  A human (Lair:5)
  A killer bee (Lair:2)
  2 fire vortices (D:11)
  24 foxfires (D:1)
  8 fungi
  8 plants
  4 toadstools (D:5)
  5 withered plants (Orc:2)
53 creatures vanquished.

Grand Total: 1007 creatures vanquished

Notes
Turn   | Place    | Note
-------+----------+-------------------------------------------
     0 | D:1      | Chiseanne the Demonspawn Wanderer began the quest for the
                  | Orb.
     0 | D:1      | Chiseanne set off with the following items: a +2 spear, a
                  | +0 robe, a ration; and the following spells available to
                  | memorise: Apportation, Foxfire, Recall, Static Discharge
     0 | D:1      | Reached XP level 1. HP: 16/16 MP: 5/5
     2 | D:1      | Learned a level 1 spell: Foxfire
     4 | D:1      | Learned a level 1 spell: Apportation
   258 | D:1      | Gained mutation: You are partially covered in large bone
                  | plates. (SH +4) [demonic ancestry]
   258 | D:1      | Reached XP level 2. HP: 23/23 MP: 2/7
  1104 | D:2      | Reached XP level 3. HP: 23/28 MP: 8/8
  1276 | D:2      | Reached skill level 1 in Armour
  1848 | D:2      | Reached XP level 4. HP: 26/35 MP: 10/10
  2366 | D:3      | Noticed a black bear
  2403 | D:3      | Killed a black bear
  2403 | D:3      | Reached XP level 5. HP: 4/41 MP: 11/11
  3595 | D:4      | Got a crystal war axe
  3647 | D:4      | Gained mutation: You have a pair of small horns on your
                  | head. [demonic ancestry]
  3647 | D:4      | Reached XP level 6. HP: 39/48 MP: 12/12
  3915 | D:4      | Identified the +7 war axe of the Final Chapter {freeze,
                  | rF+} (You found it on level 4 of the Dungeon)
  4404 | D:4      | Reached skill level 1 in Axes
  4405 | D:4      | Gained mutation: You are immune to rotting. [demonic
                  | ancestry]
  4405 | D:4      | Reached XP level 7. HP: 38/55 MP: 13/13
  4757 | D:4      | Found a staircase to the Ecumenical Temple.
  4815 | D:5      | Entered Level 5 of the Dungeon
  4841 | D:5      | Noticed Eustachio
  4848 | D:5      | Killed Eustachio
  4848 | D:5      | Reached skill level 5 in Fighting
  5041 | D:5      | Found Gesm's Antique Armour Emporium.
  5148 | D:5      | Gained mutation: You may emit foul miasma when damaged in
                  | melee. [demonic ancestry]
  5148 | D:5      | Reached XP level 8. HP: 61/62 MP: 14/14
  5593 | D:5      | Found Hitip's Antique Weapon Shop.
  5787 | D:6      | Reached skill level 5 in Dodging
  5848 | D:6      | Found a bloodstained altar of Trog.
  5998 | D:6      | Found a glowing drain.
  6008 | Sewer    | Entered a sewer
  6188 | Sewer    | Found a glowing silver altar of Zin.
  6383 | D:6      | Noticed Sigmund
  6386 | D:6      | Noticed Sigmund
  6386 | D:6      | Sigmund changed into Sigmund the swamp drake
  6399 | D:6      | Killed Sigmund the swamp drake
  6518 | D:6      | Found a white marble altar of Elyvilon.
  6567 | D:6      | Noticed Grinder
  6571 | D:6      | Noticed Grinder
  6571 | D:6      | Grinder changed into Grinder the white imp
  6573 | D:6      | Killed Grinder the white imp
  6600 | D:6      | Reached skill level 5 in Armour
  6799 | Temple   | Entered the Ecumenical Temple
  6940 | Temple   | Became a worshipper of Gozag Ym Sagoz the Greedy
  7395 | D:7      | Noticed Harold
  7414 | D:7      | Killed Harold
  7414 | D:7      | Reached XP level 9. HP: 47/71 MP: 15/15
  7534 | D:6      | Noticed a rust devil
  7534 | D:6      | Noticed a rust devil
  7535 | D:6      | Found the +6 shillelagh "Devastator" {shatter}
  7657 | D:7      | Got a clouded iron ring
  8198 | D:8      | Reached skill level 5 in Axes
  8198 | D:8      | Reached skill level 1 in Shields
  8496 | D:8      | Noticed a two-headed ogre
  8760 | D:7      | Reached XP level 10. HP: 67/79 MP: 16/16
  9011 | D:8      | Killed a two-headed ogre
  9830 | D:8      | Found a staircase to the Lair.
 10550 | D:10     | Entered Level 10 of the Dungeon
 10694 | D:10     | Found a hide-covered altar of Uskayaw.
 10760 | D:10     | Found a staircase to the Orcish Mines.
 10954 | D:10     | Identified the ring "Doywn" {rN+ Str+3} (You found it on
                  | level 7 of the Dungeon)
 11699 | D:10     | Killed an unseen horror
 11699 | D:10     | Gained mutation: A weak demonic guardian rushes to your
                  | aid. [demonic ancestry]
 11699 | D:10     | Reached XP level 11. HP: 81/87 MP: 17/17
 11916 | D:10     | Bought a pitted ring mail for 270 gold pieces
 11916 | D:10     | Bought a pair of embroidered boots for 225 gold pieces
 11916 | D:10     | Bought a glowing buckler for 225 gold pieces
 11927 | D:10     | Identified a +0 pair of boots of running (You bought it in
                  | a shop on level 10 of the Dungeon)
 11951 | D:10     | Identified the +1 ring mail "Paggado" {*Contam rCorr Dex+3}
                  | (You bought it in a shop on level 10 of the Dungeon)
 12249 | D:11     | Noticed a two-headed ogre
 12258 | D:11     | Killed a two-headed ogre
 12407 | D:11     | Reached skill level 5 in Shields
 12408 | D:11     | Noticed a white ugly thing
 12431 | D:11     | Killed a white ugly thing
 12682 | D:11     | Noticed an eight-headed hydra
 12688 | D:11     | Noticed Nergalle
 12710 | D:11     | Killed an unseen horror
 13422 | D:11     | Identified the +6 rapier of Digaor {vorpal, rC+ Str-4 SInv}
 13588 | D:11     | Identified Xasko's Reference Book on the Vitriolic Escort
 13599 | D:11     | Learned a level 2 spell: Blink
 13734 | D:11     | Killed Nergalle
 13950 | D:11     | Killed a nine-headed hydra
 13950 | D:11     | Reached XP level 12. HP: 90/97 MP: 18/18
 14504 | D:12     | Got a steaming trident
 14552 | D:12     | Noticed Rupert
 14576 | D:12     | Killed Rupert
 14576 | D:12     | Reached skill level 10 in Fighting
 14731 | D:12     | Noticed a catoblepas
 14752 | D:12     | Killed a catoblepas
 15505 | D:13     | Noticed a two-headed ogre
 15513 | D:13     | Killed a two-headed ogre
 15588 | D:13     | Noticed a two-headed ogre
 15601 | D:13     | Killed a two-headed ogre
 15912 | D:13     | Noticed Erolcha
 15923 | D:13     | Killed Erolcha
 16086 | D:13     | Found a gate to the Vaults.
 16086 | D:13     | Noticed a vault guard
 16086 | D:13     | Noticed a vault guard
 16086 | D:13     | Noticed a centaur warrior
 16086 | D:13     | Noticed a vault guard
 16086 | D:13     | Noticed a two-headed ogre
 16087 | D:13     | Noticed a vault guard
 16098 | D:13     | Killed a vault guard
 16098 | D:13     | Killed a vault guard
 16098 | D:13     | Gained mutation: You are mostly covered in large bone
                  | plates. (SH +6) [demonic ancestry]
 16098 | D:13     | Reached XP level 13. HP: 65/104 MP: 19/19
 16405 | D:13     | Reached skill level 10 in Dodging
 17159 | D:14     | Reached skill level 10 in Armour
 18693 | D:15     | Entered Level 15 of the Dungeon
 18703 | D:15     | Noticed an ettin
 19066 | D:14     | Killed an ettin
 19362 | D:15     | Reached skill level 10 in Axes
 19538 | D:15     | Found a staircase to the Depths.
 19649 | D:15     | Bought a pair of buzzing boots for 351 gold pieces
 19649 | D:15     | Bought a pair of glowing gloves for 277 gold pieces
 19675 | D:15     | Identified the +1 pair of boots "Tacve" {MP+9 Dex+3} (You
                  | bought it in a shop on level 15 of the Dungeon)
 19761 | D:15     | Reached skill level 5 in Evocations
 19786 | D:15     | Reached XP level 14. HP: 37/111 MP: 20/20
 21588 | Orc:1    | Entered Level 1 of the Orcish Mines
 21722 | Orc:1    | Found a roughly hewn altar of Beogh.
 21773 | Orc:1    | Reached skill level 10 in Shields
 21947 | Orc:1    | Noticed Urug
 21970 | Orc:1    | Killed Urug
 22602 | Orc:2    | Entered Level 2 of the Orcish Mines
 22616 | Orc:2    | Found a staircase to the Elven Halls.
 22757 | Orc:2    | Found a runed translucent gate.
 22757 | Orc:2    | Found a runed translucent gate.
 22757 | Orc:2    | Found a runed translucent gate.
 22757 | Orc:2    | Noticed Chiseanne's ghost (journeyman GnWn)
 22758 | Orc:2    | Noticed oldnick's ghost (journeyman TrMo)
 22800 | Orc:2    | Found Ynybb's Antique Armour Boutique.
 22800 | Orc:2    | Found Uforhidda's Antique Weapon Shoppe.
 23237 | Orc:2    | Reached XP level 15. HP: 95/117 MP: 21/21
 23555 | Orc:2    | Found Iblaytos's Food Emporium.
 23557 | Orc:2    | Found Oshouskagi's Jewellery Shop.
 23857 | Orc:2    | Killed oldnick's ghost
 23890 | Orc:2    | Killed Chiseanne's ghost
 24281 | Lair:1   | Entered Level 1 of the Lair of Beasts
 24516 | Lair:1   | You fall into a shaft and drop 1 floor!
 25107 | Lair:2   | Found a staircase to the Snake Pit.
 26296 | Lair:3   | Noticed Fannar
 26306 | Lair:3   | Killed Fannar
 26391 | Lair:3   | Got a coiled steel ring
 26798 | Lair:4   | Found a staircase to the Swamp.
 27719 | Lair:5   | Found a staircase to the Slime Pits.
 27719 | Lair:5   | Found a viscous altar of Jiyva.
 27763 | Lair:5   | Noticed Snorg
 27777 | Lair:5   | Killed Snorg
 28153 | Lair:5   | Noticed Kirke
 28165 | Lair:5   | Killed Kirke
 29080 | Lair:6   | Entered Level 6 of the Lair of Beasts
 29329 | Lair:6   | Found a transporter.
 29654 | Lair:6   | Found a transporter.
 29659 | Lair:6   | Found a bloodstained altar of Trog.
 29661 | Lair:6   | Noticed ijan1's ghost (journeyman SpEn)
 29675 | Lair:6   | Identified the +6 trident "Hemeb" {elec, +Rage Int+5 Dex-2}
 29675 | Lair:6   | Identified the +7 trident of Vengeance {vorpal, rElec rF+
                  | rC- Dex+4}
 29769 | Lair:6   | Gained mutation: A demonic guardian rushes to your aid.
                  | [demonic ancestry]
 29769 | Lair:6   | Reached XP level 16. HP: 100/124 MP: 22/22
 30911 | Lair:6   | Found a runed translucent door.
 31950 | D:5      | Bought a smelly scale mail for 261 gold pieces
 32102 | D:15     | Bought a +3 war axe of flaming for 419 gold pieces
 32108 | D:15     | Bought a scroll of identify for 28 gold pieces
 32108 | D:15     | Bought a scroll of blinking for 105 gold pieces
 32108 | D:15     | Bought a scroll of blinking for 105 gold pieces
 32108 | D:15     | Bought a scroll of enchant weapon for 105 gold pieces
 32119 | D:15     | Bought a cursed ring of attention for 81 gold pieces
 32130 | Depths:1 | Entered Level 1 of the Depths
 32278 | Depths:1 | Found a gateway to Hell.
 33219 | Swamp:1  | Entered Level 1 of the Swamp
 34302 | Orc:2    | Bought the ring "Osocoil" {+Fly rF+ rCorr Int+3} for 636
                  | gold pieces
 34594 | Swamp:1  | Noticed a thorn hunter
 34886 | D:15     | Bought a ring "Vuis" {+Fly rPois Int+6} for 743 gold pieces
 35030 | D:15     | Upgraded the game from 0.25-b1-37-g2669288c55 to
                  | 0.25-b1-46-gb8a1ec05df
 35104 | Depths:1 | Found Xugeryki's Gadget Shoppe.
 35343 | Depths:1 | Paralysed by a vampire knight for 5 turns
 35718 | Depths:1 | Noticed a deep elf blademaster
 35736 | Depths:1 | HP: 3/124 [spriggan defender/+2 lajatang of electrocution
                  | (25)]
 35741 | Depths:1 | HP: 5/124 [spriggan defender/+2 lajatang of electrocution
                  | (9)]
 35742 | Depths:1 | Slain by a spriggan defender

Illustrated notes

Levels and vault maps discovered:
D:1:      evilmike_arrival_rings, layout_basic, minmay_heptomino_d4
D:2:      layout_loops_ring, first_ration
D:3:      layout_rooms, minmay_quantized
D:4:      layout_basic, minmay_temple_entry_statues_pillars,
          minmay_joined_circles
D:5:      layout_gridville, serial_shops, shop_coins, shop_fountains,
          minmay_gold_behind_fungi, uniq_eustachio
D:6:      cheibrodos_iron_armory, layout_rooms, bloody_trog,
          gup_sewer_entry_bubbles, basic_altar,
          eino_small_chamber_without_monster, uniq_sigmund, uniq_grinder
D:7:      layout_basic, uniq_harold
D:8:      layout_rooms, erik_lair_dragon
D:9:      layout_rooms
D:10:     layout_gridville, zombieorc2_lemuel, basic_altar, grunt_livestock
D:11:     minmay_the_grid_triangle_9x9_rhombus_full_mashed
          [minmay_the_grid_triangle_9x9_impossible_snake,
          minmay_the_grid_triangle_9x9_sparse_checkered,
          minmay_the_grid_triangle_9x9_corrupted_corridor,
          minmay_the_grid_triangle_9x9_wacky_v,
          minmay_the_grid_triangle_9x9_empty,
          minmay_the_grid_triangle_9x9_checkered,
          minmay_the_grid_triangle_9x9_thin_v,
          minmay_the_grid_triangle_9x9_prize_center], layout_basic,
          hangedman_incinerator, uniq_nergalle
D:12:     layout_rooms, hangedman_decor_push, uniq_rupert
D:13:     layout_small_grid, lightli_vaults_fourway_checkpoint, uniq_erolcha
D:14:     layout_basic, minivault_25, special_room [special_room_bee]
D:15:     hangedman_depths_entry_civil_slaughter, layout_gridville,
          dk_noncrumbling_4
Temple:   roderic_octagonal_lattice_temple
Lair:1:   layout_misc_corridors, grunt_megastairs_5, infiniplex_staircase_pool_2
Lair:2:   hangedman_what_comes_after_a, layout_misc_corridors,
          guppyfry_snake_entry_island, serial_bayou_shore_a,
          infiniplex_staircase_pool
Lair:3:   layout_chaotic_city, serial_bayou, serial_bayou_pond_e,
          serial_bayou_lagoon_b, serial_bayou_pond_b, serial_bayou_lake_a,
          serial_bayou_shore_b, uniq_fannar
Lair:4:   layout_gridlike, swamp_mist, st_stairs_6
Lair:5:   layout_loops_ring, slime_altar_1, worms_lemuel, uniq_snorg, uniq_kirke
Lair:6:   wormcave, layout_regular_city, gauntlet_entry_generic,
          gammafunk_ghost_wrathful_warriors, grunt_megastairs_2
Swamp:1:  layout_falls_marsh, hangedman_swamp_ruin_wall
Orc:1:    layout_diamond_mine, special_room [special_room_orc], uniq_urug
Orc:2:    st_orc_rangers, layout_caves, gammafunk_ghost_cemetery
Depths:1: layout_cave_pools, hangedman_abyss_or_decor_jellyfish_corner,
          serial_shops, shop, pf_dread_powers_of_hell, grunt_decor_fettered,
          minmay_misc_feat_pillars, hangedman_decor_clover_reticule,
          wheals_unrand_guarded_autumn_katana

Skill      XL: |  1  2  3  4  5  6  7  8  9 10 11 12 13 14 15 16 |
---------------+-------------------------------------------------+-----
Dodging        | 2 3 4 6 7 8 9 10 11 12 13 | 13.6
Armour         | 1 2 3 4 5 6 7 8 9 10 11 12 13 | 13.4
Fighting       | 3 4 5 6 7 8 9 10 | 10.7
Axes           | 1 2 4 5 6 8 9 10 11 12 13 | 13.2
Shields        | 2 4 6 7 8 10 11 12 | 12.4
Evocations     | 5 |  5.0
Stealth        | |  1.0
Spellcasting   | |  4.0
Charms         | |  1.0

Action                   |  1- 3 |  4- 6 |  7- 9 | 10-12 | 13-15 | 16-18 || total
-------------------------+-------+-------+-------+-------+-------+-------++-------
Melee: Spear             |   122 |    12 |       |       |       |       ||   134
       Whip              |       |   146 |       |       |       |       ||   146
       War axe           |       |    23 |   259 |   562 |  1121 |   419 ||  2384
       Headbutt          |       |     9 |    42 |   168 |   314 |   159 ||   692
       Rapier            |       |       |       |     4 |    10 |     8 ||    22
Throw: Boomerang         |       |       |     9 |    20 |       |     8 ||    37
       Dart              |       |       |       |    34 |    65 |       ||    99
       Throwing net      |       |       |       |     4 |       |       ||     4
 Cast: Foxfire           |    15 |       |       |       |       |       ||    15
Invok: Call Merchant     |       |       |       |     1 |     2 |     3 ||     6
       Potion Petition   |       |       |       |       |       |     1 ||     1
Evoke: Wand              |       |     4 |    14 |    14 |    21 |     4 ||    57
       Tin of tremorston |       |       |       |     3 |       |       ||     3
       Lightning rod     |       |       |       |       |     1 |       ||     1
  Use: Scroll            |       |    13 |     6 |     9 |     8 |     1 ||    37
       Potion            |       |     1 |     1 |     9 |     4 |     6 ||    21
 Stab: Held in net/web   |       |       |       |     2 |       |       ||     2
       Distracted        |       |       |       |     5 |    20 |     7 ||    32
       Paralysed         |       |       |       |     3 |     9 |       ||    12
       Sleeping          |       |       |       |     1 |     3 |     1 ||     5
       Petrified         |       |       |       |       |     2 |       ||     2
       Invisible         |       |       |       |       |     1 |       ||     1
  Eat: Chunk             |     3 |     8 |     8 |       |       |       ||    19
       Ration            |       |       |     2 |     8 |    14 |     5 ||    29
Armor: Robe              |     1 |       |       |       |       |       ||     1
       Scale mail        |    40 |    92 |    77 |    85 |       |       ||   294
       Ring mail         |       |       |       |    69 |   172 |    57 ||   298
Dodge: Dodged            |    70 |   125 |   124 |   288 |   537 |   196 ||  1340
       Repelled          |       |       |       |       |     1 |     4 ||     5
Block: Other             |    23 |    44 |    29 |       |       |       ||    96
       Buckler           |       |       |    41 |   396 |  1083 |   357 ||  1877
       Reflection        |       |       |       |     3 |    86 |     6 ||    95
